 Dungeon Crawl Stone Soup version 0.28-a0-71-g84acfa7270 (webtiles) character file.

Game seed: 17326427504684693024

39 mcsnuffy the Stinger (level 3, 0/19 HPs)
             Began as a Deep Elf Venom Mage on Aug 1, 2021.
             Slain by an adder (1 damage)
             ... on level 2 of the Dungeon.
             The game lasted 00:04:22 (1140 turns).

mcsnuffy the Stinger (Deep Elf Venom Mage)          Turns: 1140, Time: 00:04:22

Health: 0/19       AC:  2    Str:  5    XL:     3   Next: 26%
Magic:  4/10       EV: 13    Int: 18    God:
Gold:   54         SH:  0    Dex: 15    Spells: 8/9 levels left

rFire   . . .      SeeInvis .   (no weapon)
rCold   + . .      Faith    .   (no shield)
rNeg    . . .      Spirit   .   a - +0 robe
rPois   .          Reflect  .   (helmet restricted)
rElec   .          Harm     .   (no cloak)
rCorr   .          Rampage  .   (no gloves)
Will    .....                   (no boots)
Stlth   ++........              (no amulet)
HPRegen 0.06/turn               (no ring)
MPRegen 0.12/turn               (no ring)

@: no status effects
A: beak, cold resistance 1, dopey 1, subdued magic 1
a: no special abilities


You were on level 2 of the Dungeon.
You visited 1 branch of the dungeon, and saw 2 of its levels.

You collected 54 gold pieces.


Innate Abilities, Weirdness & Mutations

You have a beak for a mouth.
Your flesh is cold resistant. (rC+)
You are dopey. (Int -2)
Your spells are a little easier to cast, but a little less powerful.


   Skills:
 + Level 3.0 Dodging
 + Level 3.0 Stealth
 + Level 3.5 Spellcasting
 + Level 1.8 Transmutations
 + Level 3.6 Poison Magic


You had 8 spell levels left.
You knew the following spells:

 Your Spells              Type           Power      Damage    Failure   Level
z - Sting                 Tmut/Pois      40%        1d5       3%          1

Your spell library contained the following spells:

 Spells                   Type           Power      Damage    Failure   Level
 Poisonous Vapours        Pois/Air       14%        N/A       9%          2
 Mephitic Cloud           Conj/Pois/Air  5%         N/A       24%         3
 Olgreb's Toxic Radiance  Pois           12%        N/A       30%         4
 Dazzling Flash           Conj/Hex       4%         N/A       38%         3
 Agony                    Necr           2%         N/A       99%         5
 Silence                  Hex/Air        1%         N/A       99%         5

Inventory:

Armour
 a - a +0 robe (worn)
Scrolls
 b - 4 scrolls of enchant armour {unknown}
 c - 2 scrolls of noise {unknown}
Potions
 d - 3 potions of mutation
 e - a potion of heal wounds {unknown}

Dungeon Overview and Level Annotations

Branches:
Dungeon (2/15)

Altars:

####.######......#
#...........#############
#.#.#######.# .......
#.#.......#.######.......
####.#####.#.#.#.>..†.......
#....# #...#.#....#.(.....
#....# #.###.#....#.......
#....# #......S).##.......
#....#####..#...@..# #......
#....#.............# ......
#....#.######...#...........
#....'...# .................
#....#.#.#.##...##......
#....#.# # ######......
#....#.# ...... ######.#
...... .#


You could see an adder (poisoned).


Message History

The sting misses the adder.
The adder barely misses you.
The hobgoblin hits you with a +0 dagger.
* * * LOW HITPOINT WARNING * * *
Unknown command.
Casting: Sting (safe; 4% risk of failure)
Confirm with . or Enter, or press ? or * to list all spells.
Aiming: Sting (safe; 4% risk of failure)
Press: ? - help, Shift-Dir - straight line, f/p - adder
Aim: an adder (53% to hit)
The sting hits the adder.
The adder is poisoned.
The adder is heavily wounded.
You kill the hobgoblin!
The adder bites you.
* * * LOW HITPOINT WARNING * * *
It was a potion of mutation.
You feel extremely strange.
Your connection to magic feels subdued.
You feel stupid.
You feel resistant to cold.
Your mouth lengthens and hardens into a beak!
The adder barely misses you. The adder bites you.
* * * LOW HITPOINT WARNING * * *
Your movement speed is average.
Your attack delay is about 1.0.
Your base attributes are Str 5, Int 20, Dex 15.
You are too injured to fight recklessly!
Casting: Sting (safe; 3% risk of failure)
Confirm with . or Enter, or press ? or * to list all spells.
Aiming: Sting (safe; 3% risk of failure)
Press: ? - help, Shift-Dir - straight line, f/p - adder
Aim: an adder (heavily wounded, poisoned, 53% to hit)
The sting misses the adder.
The adder bites you.
You die...

Skill      XL: |  1  2 |
---------------+-------+-----
Dodging        | 3 |  3.0
Stealth        | 3 |  3.0
Spellcasting   | |  3.5
Transmutations | |  1.8
Poison Magic   | |  3.6

Action                   || total
-------------------------++-------
 Cast: Sting             ||    26
  Use: Potion            ||     1
Armor: Robe              ||     3
Dodge: Dodged            ||    11

Levels and vault maps discovered:
D:1:      sevenhm_arrival_forest_fort_small_3, layout_rooms,
          shapermc_ecumenical_altar_petra, kennysheep_pointless_box,
          minmay_misc_feat_tiny
D:2:      layout_basic, uniq_natasha

Notes
Turn   | Place    | Note
-------+----------+-------------------------------------------
     0 | D:1      | mcsnuffy the Deep Elf Venom Mage began the quest for the
                  | Orb.
     0 | D:1      | Reached XP level 1. HP: 10/10 MP: 6/6
   103 | D:1      | Found a faded altar of an unknown god.
   526 | D:1      | Upgraded the game from 0.28-a0-69-g49dcd67cf8 to
                  | 0.28-a0-71-g84acfa7270
   964 | D:2      | Reached XP level 2. HP: 15/15 MP: 6/8
  1010 | D:2      | Reached skill level 3 in Dodging
  1010 | D:2      | Reached skill level 3 in Stealth
  1010 | D:2      | Reached XP level 3. HP: 14/19 MP: 7/10
  1139 | D:2      | Gained mutation: Your spells are a little easier to cast,
                  | but a little less powerful. [potion of mutation]
  1139 | D:2      | Gained mutation: You are dopey. (Int -2) [potion of
                  | mutation]
  1139 | D:2      | Gained mutation: Your flesh is cold resistant. (rC+)
                  | [potion of mutation]
  1139 | D:2      | Gained mutation: You have a beak for a mouth. [potion of
                  | mutation]
  1139 | D:2      | HP: 1/19 [adder (1)]
  1140 | D:2      | Slain by an adder

Vanquished Creatures
  A hound (D:2)
  A ball python (D:1)
  An endoplasm (D:1)
  2 giant cockroaches
  2 hobgoblins
  A quokka (D:1)
  2 bats
10 creatures vanquished.

Table legend: (Time is in decaauts)
 A = Elapsed time spent in this place.
 B = Non-inter-level travel time spent in this place.
 C = Inter-level travel time spent in this place.
 D = Time resting spent in this place.
 E = Time spent auto-exploring this place.
 F = Levels seen in this place.
 G = Mean time per level.
                   A        B        C        D        E       F      G
               +--------+--------+--------+--------+--------+-----+--------+
         Total |   1141 |   1128 |     13 |      0 |    924 |   2 |  570.5 |
       Dungeon |   1141 |   1128 |     13 |      0 |    924 |   2 |  570.5 |
               +--------+--------+--------+--------+--------+-----+--------+

Top non-repeatable levels by time:
     D:1: 931 daAuts
     D:2: 209 daAuts

Table legend:
 A = Non-vault XP
 B = Vault XP
 C = Vault XP percentage of total XP
 D = Non-vault monster count
 E = Vault monster count
 F = Vault count percentage of total count
                 A         B        C        D         E       F
            +---------+---------+-------+---------+---------+-------
      Total |      56 |       0 |   0.0 |      10 |       0 |   0.0
            +---------+---------+-------+---------+---------+-------
        D:1 |      11 |       0 |   0.0 |       6 |       0 |   0.0
        D:2 |      45 |       0 |   0.0 |       4 |       0 |   0.0
            +---------+---------+-------+---------+---------+-------
